 Dungeon Crawl Stone Soup version 0.27-a0-590-g94244163b4 (webtiles) character file.

Game seed: 11891766901269973944

6048 kae the Grappler (level 10, -1/105 HPs)
             Began as a Naga Transmuter on Mar 10, 2021.
             Was a Priest of Cheibriados.
             Slain by a killer bee (4 damage)
             ... on level 10 of the Dungeon.
             The game lasted 00:07:45 (12220 turns).

kae the Grappler (Naga Transmuter)                 Turns: 12220, Time: 00:07:46

Health: -1/105     AC:  6    Str: 22    XL:     10   Next: 87%
Magic:  18/18      EV: 13    Int: 20    God:    Cheibriados [***...]
Gold:   592        SH:  0    Dex: 23    Spells: 6/19 levels left

rFire    x . .     SeeInvis +     - Unarmed
rCold    + + +     Faith    .   (shield currently unavailable)
rNeg     . . .     Spirit   .   (armour currently unavailable)
rPois    +         Reflect  .   (helmet currently unavailable)
rElec    .         Harm     .   (cloak currently unavailable)
rCorr    .         Rampage  .   (gloves currently unavailable)
Will     ++...                  (no barding)
Stlth    ++........             (no amulet)
HPRegen  0.27/turn              k - +6 ring of dexterity
MPRegen  0.16/turn              g - ring of willpower

@: ice-form (expiring), very slow
A: large, see invisible, spit poison 1, AC +3
a: Spit Poison, End Transformation, Renounce Religion, Bend Time, Temporal
Distortion


You were on level 10 of the Dungeon.
You worshipped Cheibriados.
Cheibriados was most pleased with you.
You were a creature of crystalline ice.
You visited 2 branches of the dungeon, and saw 11 of its levels.

You collected 592 gold pieces.

Inventory:

Armour
 a - a +1 robe (melded)
Jewellery
 g - a ring of willpower (left front paw)
 k - a +6 ring of dexterity (right front paw)
 r - a ring of resist corrosion
 v - an amulet of regeneration
 A - a +4 ring of protection
 D - a +6 ring of intelligence
 E - a ring of protection from cold
Wands
 i - a wand of iceblast (8)
 s - a wand of charming (9)
 w - a wand of paralysis (6)
 x - a wand of mindburst (15)
Scrolls
 b - 7 scrolls of teleportation
 h - 2 scrolls of magic mapping
 o - 2 scrolls of enchant weapon
 q - a scroll of immolation
 t - a scroll of amnesia
 y - 2 scrolls of identify
 B - a scroll of fog
 F - a scroll of enchant armour
Potions
 c - 8 potions of curing
 d - 6 potions of cancellation
 e - a potion of berserk rage
 f - 2 potions of flight
 j - a potion of attraction {unknown}
 l - 2 potions of mutation
 m - 5 potions of brilliance
 n - 2 potions of lignification
 p - 2 potions of heal wounds
 u - 2 potions of invisibility
 z - a potion of haste
 C - a potion of ambrosia


   Skills:
 + Level 5.5 Fighting
 + Level 4.7 Dodging
 * Level 8.5 Unarmed Combat
 + Level 5.4 Spellcasting
 * Level 8.1 Transmutations
 - Level 4.0 Ice Magic
 - Level 3.0 Poison Magic
 + Level 4.3 Invocations


You had 6 spell levels left.
You knew the following spells:

 Your Spells              Type           Power      Damage    Failure   Level
a - Beastly Appendage     Tmut           76%        N/A       1%          1
b - Spider Form           Tmut/Pois      13%        N/A       3%          3
c - Ice Form              Ice/Tmut       29%        N/A       9%          4
d - Blade Hands           Tmut           19%        N/A       11%         5

Your spell library contained the following spells:

 Spells                   Type           Power      Damage    Failure   Level
 Wereblood                Tmut           38%        N/A       1%          2


Dungeon Overview and Level Annotations

Branches:
Dungeon (10/15)            Temple (1/1) D:4            Lair (0/6) D:9
    Orc: D:9-12

Altars:
Ashenzari
Cheibriados
Dithmenos
Elyvilon
Fedhas
Gozag
Hepliaklqana
Kikubaaqudgha
Makhleb
Nemelex Xobeh
Okawaru
Qazlal
Ru
Sif Muna
Trog
Uskayaw
Vehumet
Wu Jian
Xom
Yredelemnul
Zin
The Shining One

Annotations:
D:6 exclusion: Menkaure
D:7 2 transporters
D:8 1 runed translucent door, HoaS's ghost, novice FoFi
D:9 2 transporters, stank58's ghost, novice MiBe


Innate Abilities, Weirdness & Mutations

((Your serpentine skin is tough. (AC +3)))
You have supernaturally acute eyesight. (SInv)
((Armour fits poorly on your strangely shaped body.))
((Your system is resistant to poisons. (rPois)))
((You cover ground very slowly.))
You can spit poison.
((You have a snake-like lower body.))


Message History

You punch the wolf! You freeze the wolf.
You kill the wolf!
Cheibriados thoroughly appreciates the change of pace.
You start resting.
Magic restored.
A killer bee comes into view.
A killer bee comes into view.
You feel much better.
A killer bee comes into view.
The killer bee stings you.
You barely miss the killer bee.
The killer bee stings you but does no damage.
The killer bee stings you!
* * * LOW HITPOINT WARNING * * *
You closely miss the killer bee. The killer bee barely misses you.
The killer bee buzzes angrily.
You hit the killer bee. You freeze the killer bee.
The killer bee is lightly wounded.
The killer bee closely misses you. x2
You pummel the killer bee!! You freeze the killer bee!
You kill the killer bee!
Cheibriados thoroughly appreciates the change of pace.
You can now warp the flow of time around you.
Your transformation is almost over.
The killer bee stings you.
* * * LOW HITPOINT WARNING * * *
You barely miss the killer bee. The killer bee stings you.
* * * LOW HITPOINT WARNING * * *
The killer bee stings you.
* * * LOW HITPOINT WARNING * * *
The killer bee barely misses you.
You punch the killer bee! You freeze the killer bee.
You kill the killer bee!
Cheibriados thoroughly appreciates the change of pace.
The killer bee stings you!
* * * LOW HITPOINT WARNING * * *
You hit the killer bee. You freeze the killer bee.
The killer bee is heavily wounded.
The killer bee barely misses you. The killer bee stings you.
You die...

########################
........................
.......Y......>.........
.....#..y....##.......##
... #..)....##....)..##
. .#..†††..##...)...##
...........##...).....
......................
###########..........#
#..........#
#...######.#


You could see a killer bee.

Vanquished Creatures
  A two-headed ogre (D:8)
  An unseen horror (D:10)
  An ugly thing (D:8)
  A wraith (D:10)
  A wyvern (D:10)
  6 yaks (D:9)
  Grum (D:10)
  Menkaure (D:6)
  3 ice beasts
  2 ogres
  4 wolves (D:10)
  4 centaurs
  A kobold brigand (D:7)
  3 bullfrogs
  A wyvern zombie (D:7)
  6 killer bees
  2 scorpions
  3 howler monkeys
  2 bullfrog zombies
  2 jellies
  6 hounds
  3 centaur skeletons
  3 orc priests
  A bullfrog skeleton (D:9)
  Natasha (thrice) (D:2)
  5 worker ants
  4 iguanas
  4 orc wizards
  A hound skeleton (D:4)
  7 adders
  4 gnolls (D:3)
  A shadow imp (D:5)
  3 white imps (D:9)
  4 ufetubi
  3 adder skeletons
  3 worms
  A dart slug (D:1)
  3 leopard geckos
  22 orcs
  10 giant cockroaches
  6 goblins
  6 hobgoblins
  17 jackals
  9 quokkas
  3 ball pythons
  11 bats
  3 frilled lizards
  A giant cockroach zombie (D:5)
  A jackal skeleton (D:4)
  9 kobolds
  A leopard gecko skeleton (D:5)
  8 rats
  A bush (D:7)
213 creatures vanquished.

Vanquished Creatures (others)
  A centaur (D:7)
  2 withered plants (D:8)
3 creatures vanquished.

Grand Total: 216 creatures vanquished

Notes
Turn   | Place    | Note
-------+----------+-------------------------------------------
     0 | D:1      | kae the Naga Transmuter began the quest for the Orb.
     0 | D:1      | Reached XP level 1. HP: 18/18 MP: 3/3
   188 | D:1      | Reached XP level 2. HP: 24/25 MP: 3/5
   831 | D:1      | Reached XP level 3. HP: 24/31 MP: 4/6
   841 | D:1      | Learned a level 3 spell: Spider Form
  1297 | D:2      | Found a shadowy altar of Dithmenos.
  1320 | D:2      | Found a faded altar of an unknown god.
  1429 | D:2      | Reached skill level 1 in Poison Magic
  1534 | D:2      | Reached XP level 4. HP: 32/38 MP: 5/7
  1659 | D:2      | Found an ornate altar of the Wu Jian Council.
  1723 | D:2      | Noticed Natasha
  1729 | D:2      | Killed Natasha
  1930 | D:2      | Noticed Natasha
  1935 | D:2      | Killed Natasha
  1936 | D:2      | Reached XP level 5. HP: 37/45 MP: 4/8
  2192 | D:2      | Noticed Natasha
  2202 | D:2      | Killed Natasha
  2934 | D:3      | Reached XP level 6. HP: 50/52 MP: 7/9
  3100 | D:3      | Found a radiant altar of Vehumet.
  3427 | D:4      | Found a staircase to the Ecumenical Temple.
  3458 | Temple   | Entered the Ecumenical Temple
  3989 | D:4      | Learned a level 4 spell: Ice Form
  4282 | D:4      | Reached XP level 7. HP: 61/61 MP: 5/11
  4291 | D:4      | Reached skill level 1 in Ice Magic
  4394 | D:5      | Entered Level 5 of the Dungeon
  4886 | D:5      | Found a burning altar of Makhleb.
  4887 | D:5      | Found a blossoming altar of Fedhas.
  4980 | D:5      | Found an iron altar of Okawaru.
  5033 | D:5      | Reached skill level 5 in Unarmed Combat
  5358 | D:5      | Found a sparkling altar of Nemelex Xobeh.
  5487 | D:5      | Reached XP level 8. HP: 68/68 MP: 9/13
  5970 | D:6      | Noticed Menkaure
  6043 | D:6      | Reached skill level 5 in Transmutations
  6100 | D:6      | Killed Menkaure
  6488 | D:6      | Found a glowing golden altar of the Shining One.
  6530 | D:6      | Found a stormy altar of Qazlal.
  6835 | Temple   | Became a worshipper of Cheibriados the Contemplative
  7283 | D:7      | Noticed a slime creature
  7284 | D:7      | Found a hazy altar of Hepliaklqana.
  7284 | D:7      | Found a transporter.
  7291 | D:7      | Found a transporter.
  7423 | D:7      | Reached XP level 9. HP: 37/78 MP: 10/14
  7847 | D:7      | Found a hide-covered altar of Uskayaw.
  7857 | D:7      | Reached * piety under Cheibriados
  7858 | D:7      | Reached skill level 1 in Invocations
  8615 | D:8      | Noticed a white ugly thing
  8635 | D:8      | Killed a white ugly thing
  9109 | D:8      | Found a runed translucent door.
  9109 | D:8      | Noticed HoaS's ghost (novice FoFi)
  9318 | D:8      | Noticed a two-headed ogre
  9329 | D:8      | Killed a two-headed ogre
  9852 | D:9      | Noticed stank58's ghost (novice MiBe)
  9938 | D:9      | Reached XP level 10. HP: 78/87 MP: 13/17
 10171 | D:9      | Found a transporter.
 10204 | D:9      | Found a transporter.
 10358 | D:9      | Found a shimmering blue altar of Sif Muna.
 10573 | D:9      | Reached ** piety under Cheibriados
 10574 | D:9      | Reached skill level 5 in Fighting
 10577 | D:9      | Reached skill level 5 in Spellcasting
 10934 | D:9      | Found a staircase to the Lair.
 11129 | D:9      | Found a glowing silver altar of Zin.
 11212 | D:10     | Entered Level 10 of the Dungeon
 11455 | D:10     | Noticed an unseen horror
 11462 | D:10     | Killed an unseen horror
 11923 | D:10     | Learned a level 5 spell: Blade Hands
 12177 | D:10     | Noticed Grum
 12187 | D:10     | Killed Grum
 12217 | D:10     | Reached *** piety under Cheibriados
 12219 | D:10     | HP: 3/105 [killer bee (10)]
 12220 | D:10     | Slain by a killer bee

Illustrated notes

Levels and vault maps discovered:
D:1:      dpeg_arrival_pits, layout_loops_ring
D:2:      layout_basic, nicolae_wu_jian_wuxing_cycle,
          nicolae_overflow_hidden_temple, chequers_ecumenical_altar_lobes,
          hangedman_glass_teeth, uniq_natasha
D:3:      layout_rooms, nicolae_overflow_crystal_walls
D:4:      layout_rooms, minmay_temple_entry_statues_fountains,
          kennysheep_generic_room_10
D:5:      layout_loops_cross, nemelex_xobeh_ov_fountains_minmay,
          chequers_temple_overflow_statue_of_worship, okawaru_ov_weapons_minmay
D:6:      layout_loops_ring, grunt_qazlal_sundering, kennysheep_mini,
          dk_rats_in_the_wall, uniq_menkaure
D:7:      layout_cave_pools, gammafunk_temple_overflow_arena,
          nicolae_uskayaw_dance_studio, kb_lookout_dungeons_type
D:8:      layout_layer_cave, gammafunk_ghost_grave, minmay_misc_feat_cross
D:9:      layout_loops_cross, lemuel_coloured_pillars_altar,
          lemuel_blue_sif_altar, lair_entry_dummy, gammafunk_ghost_stat_death
D:10:     layout_stronghold, st_stairs_14, uniq_grum
Temple:   chequers_temple_sunken

Skill      XL: |  1  2  3  4  5  6  7  8  9 10 |
---------------+-------------------------------+-----
Poison Magic   | 1 2 3 |  3.0
Dodging        | 2 3 4 |  4.7
Transmutations | 3 4 5 6 8 |  8.1
Unarmed Combat | 4 5 6 7 8 |  8.5
Fighting       | 2 3 4 5 |  5.5
Ice Magic      | 2 3 4 |  4.0
Spellcasting   | 3 4 5 |  5.4
Invocations    | 3 4 |  4.3

Action                   |  1- 3 |  4- 6 |  7- 9 | 10-12 || total
-------------------------+-------+-------+-------+-------++-------
Melee: Unarmed           |    68 |   160 |   286 |   105 ||   619
       Headbutt          |     3 |     9 |       |       ||    12
       Punch             |     1 |     1 |     2 |     1 ||     5
 Cast: Beastly Appendage |    18 |    20 |       |       ||    38
       Spider Form       |       |    15 |    24 |       ||    39
       Ice Form          |       |       |    16 |    18 ||    34
 Abil: Spit Poison       |    31 |    19 |     4 |     1 ||    55
       End Transformatio |       |       |     1 |       ||     1
Evoke: Wand              |       |       |     1 |       ||     1
  Use: Scroll            |       |    14 |     3 |     6 ||    23
       Potion            |       |       |     2 |     1 ||     3
 Stab: Sleeping          |       |       |       |     1 ||     1
Armor: Robe              |    16 |    31 |     8 |     2 ||    57
       Skin              |       |     5 |    22 |    17 ||    44
Dodge: Dodged            |    44 |   123 |   250 |    63 ||   480

Table legend: (Time is in decaauts)
 A = Elapsed time spent in this place.
 B = Non-inter-level travel time spent in this place.
 C = Inter-level travel time spent in this place.
 D = Time resting spent in this place.
 E = Time spent auto-exploring this place.
 F = Levels seen in this place.
 G = Mean time per level.
                   A        B        C        D        E       F      G
               +--------+--------+--------+--------+--------+-----+--------+
         Total |  15539 |  14880 |    659 |    225 |  12975 |  11 | 1412.6 |
       Dungeon |  15142 |  14571 |    571 |    225 |  12675 |  10 | 1514.2 |
        Temple |    397 |    309 |     88 |      0 |    299 |   1 |  397.0 |
               +--------+--------+--------+--------+--------+-----+--------+

Top non-repeatable levels by time:
     D:8: 2214 daAuts
     D:9: 2176 daAuts
     D:6: 1473 daAuts
     D:5: 1459 daAuts
     D:2: 1411 daAuts
     D:7: 1401 daAuts
     D:1: 1376 daAuts
    D:10: 1315 daAuts
     D:3: 1186 daAuts
     D:4: 1128 daAuts
  Temple: 397 daAuts
